 Dungeon Sprint DCSS version bcrawl-1.13.5 (webtiles) character file.

Game seed: 6206628630805027061

6800000 Burgietje the Skullcrusher (level 27, -16/273 HPs)
             Began as a Sand Dwarf Archaeologist on Aug 25, 2019.
             Was the Champion of Makhleb.
             Demolished by a meat berserker
             ... wielding a +9 battleaxe
              (33 damage)
             ... in the Dungeon (Sprint VIII: "Arena of Blood").
             The game lasted 00:02:24 (68 turns).

Burgietje the Skullcrusher (Sand Dwarf Archaeologist) Turns: 68, Time: 00:02:25

Health: -16/273    AC:  9    Str: 28    XL:     27
Magic:  31/54      EV: 29    Int: 16    God:    Makhleb [******]
Gold:   0          SH:  0    Dex:  9    Spells: 80/80 levels left

rFire    . . .     SeeInvis .   n - +∞ Axe of Woe
rCold    . . .     Gourm    .   (shield currently unavailable)
rNeg     . . .     Faith    .   b - +1 robe
rPois    .         Spirit   .   c - +1 hat
rElec    .         Reflect  .   (no cloak)
rCorr    .         Harm     .   (no gloves)
MR       +++..     NoTele   +   d - +1 pair of boots
Stlth    +++++++++.             (no amulet)
HPRegen  0.55/turn              (no ring)
MPRegen  0.34/turn              (no ring)

@: slow
A: small, slowness 1, armour attunement
a: Minor Destruction, Lesser Servant of Makhleb, Major Destruction, Greater
Servant of Makhleb, Renounce Religion


You were in the Dungeon.
You worshipped Makhleb.
Makhleb was exalted by your worship.
You were not hungry.

You visited 1 branch

Inventory:

Hand Weapons
 a - a +0 whip
 n - the +∞ Axe of Woe (weapon)
   (You found it in the Dungeon)
Armour
 b - a +1 robe (worn)
 c - a +1 hat (worn)
 d - a +1 pair of boots (worn)
 f - the +0 pair of fencer's gloves {Riposte Dex+6}

   It affects your dexterity (+6).
Jewellery
 e - a +200 ring of slaying
Scrolls
 m - a scroll of blinking
Potions
 h - a potion of curing
 i - a potion of heal wounds
 j - a potion of haste
 k - 2 potions of magic
 l - a potion of berserk rage
Comestibles
 g - a ration {!d}


   Skills:
 O Level 27 Fighting
 O Level 27 Axes
 O Level 27 Maces & Flails
 O Level 27 Throwing
 O Level 27 Armour
 O Level 27 Dodging
 O Level 27 Stealth
 O Level 27 Unarmed Combat
 O Level 27 Spellcasting
 O Level 27 Invocations
 O Level 27 Evocations


You had 80 spell levels left.
You didn't know any spells.
Your spell library was empty.

Dungeon Overview and Level Annotations

Branches:
Dungeon (1/1)

Altars:
Makhleb


Innate Abilities, Weirdness & Mutations

You are small and have problems with some larger weapons.
You cover ground slowly.
Armour does not affect your spellcasting.


Message History

The meat beast tramples you!
* * * LOW HITPOINT WARNING * * *
You hold your ground!
You hear a shout!
The destroyer completely misses you. The destroyer bites you.
* * * LOW HITPOINT WARNING * * *
The destroyer draws strength from your injuries!
The tyrant casts a spell.
The tyrant seems to speed up.
You hear a shout! x3
The meat beast is engulfed in blazing flames.
The meat beast bites you!
* * * LOW HITPOINT WARNING * * *
The meat beast tramples you.
* * * LOW HITPOINT WARNING * * *
You hold your ground!
You hear a shout! x2
The meat berserker is engulfed in blazing flames.
The meat berserker hits you with a +9 battleaxe!!
You die...

#.. ..# #.. ....#
....... .###..
...###.......
......###..%.....W...
....._..%..o.......
#.....#.......#O# .
#_.<._#..§.§§....
....#...))#)2)2..#.#.
......)_))))V@O☼.....
......###))))2)...#.#
.###......%###..%.W..
#.......# .Xo....
#.......# §.X....
......z.. ..X....
........... .#XL.#.
.......... #o...#


You could see a tentacled monstrosity, 3 meat beasts, a tyrant, a destroyer, 3
large abominations, 2 dreads, 2 meat berserkers and 3 bags of meat.

Vanquished Creatures
  A greater mummy (D)
  13 vampire knights (D)
  27 ogres (D)
  4 two-headed ogres (D)
  2 liches (D)
  A hydra (D)
  55 orcs (D)
  7 skeletal warriors (D)
  8 large abominations (D)
  3 small abominations (D)
  10 crawling corpses (D)
131 creatures vanquished.

Vanquished Creatures (others)
  3 crawling corpses (D)
3 creatures vanquished.

Grand Total: 134 creatures vanquished

Notes
Turn   | Place    | Note
-------+----------+-------------------------------------------
     0 | D        | Found the +∞ Axe of Woe
     0 | D        | Burgietje the Sand Dwarf Archaeologist began the quest for
                  | the Orb.
     0 | D        | Reached XP level 1. HP: 16/16 MP: 1/1
     1 | D        | Noticed a meat berserker
     2 | D        | Noticed a meat berserker
     2 | D        | Noticed a bag of meat
     2 | D        | Noticed a bag of meat
     4 | D        | Killed a meat berserker
     4 | D        | Reached XP level 2. HP: 55/55 MP: 2/2
     4 | D        | Reached XP level 3. HP: 62/62 MP: 3/3
     4 | D        | Reached XP level 4. HP: 70/70 MP: 4/4
     4 | D        | Reached XP level 5. HP: 77/77 MP: 5/5
     4 | D        | Reached XP level 6. HP: 85/85 MP: 6/6
     4 | D        | Reached XP level 7. HP: 92/92 MP: 7/7
     4 | D        | Reached XP level 8. HP: 100/100 MP: 8/8
     4 | D        | Reached XP level 9. HP: 107/107 MP: 9/9
     4 | D        | Reached XP level 10. HP: 115/115 MP: 10/10
     4 | D        | Reached XP level 11. HP: 123/123 MP: 11/11
     4 | D        | Reached XP level 12. HP: 130/130 MP: 12/12
     4 | D        | Reached XP level 13. HP: 137/137 MP: 13/13
     4 | D        | Noticed a bag of meat
     4 | D        | Noticed a bag of meat
     5 | D        | Became a worshipper of Makhleb the Destroyer
     6 | D        | Killed a meat berserker
     6 | D        | Reached XP level 14. HP: 154/154 MP: 14/14
     6 | D        | Noticed a bag of meat
     9 | D        | Killed a bag of meat
     9 | D        | Reached * piety under Makhleb
     9 | D        | Reached XP level 15. HP: 163/163 MP: 15/15
     9 | D        | Reached skill level 27 in Maces & Flails
    11 | D        | Reached XP level 16. HP: 180/180 MP: 16/16
    11 | D        | Reached ** piety under Makhleb
    12 | D        | Noticed a meat berserker
    13 | D        | Noticed a meat berserker
    13 | D        | Noticed a meat berserker
    13 | D        | Noticed a meat berserker
    14 | D        | Reached skill level 27 in Fighting
    14 | D        | Noticed a meat berserker
    15 | D        | Noticed a destroyer
    15 | D        | Noticed a meat berserker
    16 | D        | Killed a meat berserker
    16 | D        | Reached XP level 17. HP: 138/191 MP: 17/17
    16 | D        | Noticed a meat berserker
    16 | D        | Noticed a meat berserker
    16 | D        | Noticed a meat berserker
    17 | D        | Killed a meat berserker
    17 | D        | Reached *** piety under Makhleb
    17 | D        | Reached XP level 18. HP: 145/200 MP: 18/18
    17 | D        | Killed a meat berserker
    17 | D        | Reached skill level 27 in Dodging
    17 | D        | Reached skill level 27 in Stealth
    17 | D        | Reached skill level 5 in Axes
    17 | D        | Reached skill level 5 in Armour
    17 | D        | Reached skill level 5 in Evocations
    17 | D        | Killed a meat berserker
    17 | D        | Reached **** piety under Makhleb
    17 | D        | Reached skill level 10 in Throwing
    17 | D        | Reached XP level 19. HP: 207/207 MP: 18/32
    17 | D        | Killed a destroyer
    17 | D        | Reached skill level 15 in Armour
    17 | D        | Reached skill level 15 in Unarmed Combat
    17 | D        | Reached XP level 20. HP: 216/216 MP: 18/37
    18 | D        | Reached skill level 15 in Throwing
    18 | D        | Noticed a meat berserker
    18 | D        | Noticed a meat berserker
    19 | D        | Noticed a meat berserker
    20 | D        | Reached ***** piety under Makhleb
    20 | D        | Reached skill level 15 in Spellcasting
    20 | D        | Reached skill level 15 in Invocations
    20 | D        | Killed a meat berserker
    21 | D        | Noticed a destroyer
    22 | D        | Killed a meat berserker
    22 | D        | Reached XP level 21. HP: 88/224 MP: 19/42
    22 | D        | Killed a meat berserker
    22 | D        | Killed a meat berserker
    22 | D        | Reached XP level 22. HP: 233/233 MP: 19/45
    23 | D        | Reached skill level 27 in Evocations
    24 | D        | Reached ****** piety under Makhleb
    24 | D        | Reached skill level 27 in Axes
    24 | D        | Reached skill level 27 in Armour
    24 | D        | Reached XP level 23. HP: 240/240 MP: 19/49
    24 | D        | Killed a destroyer
    24 | D        | Reached skill level 27 in Unarmed Combat
    25 | D        | Reached skill level 27 in Throwing
    25 | D        | Reached skill level 27 in Spellcasting
    25 | D        | Reached skill level 27 in Invocations
    25 | D        | Reached XP level 24. HP: 249/249 MP: 19/54
    26 | D        | Noticed a large bag of meat
    28 | D        | Reached XP level 25. HP: 257/257 MP: 20/54
    29 | D        | Noticed a destroyer
    29 | D        | Killed a large bag of meat
    29 | D        | Noticed a large bag of meat
    30 | D        | Reached XP level 26. HP: 266/266 MP: 21/54
    33 | D        | Noticed a large bag of meat
    33 | D        | Noticed a destroyer
    35 | D        | Killed a destroyer
    35 | D        | Reached XP level 27. HP: 273/273 MP: 22/54
    37 | D        | Noticed a destroyer
    38 | D        | Noticed a destroyer
    38 | D        | Noticed a destroyer
    39 | D        | Killed a destroyer
    39 | D        | Killed a large bag of meat
    40 | D        | Killed a destroyer
    40 | D        | Killed a large bag of meat
    43 | D        | Noticed an accursed
    43 | D        | Noticed a destroyer
    43 | D        | HP: 13/273 [meat berserker/+9 battleaxe (51)]
    44 | D        | Killed a destroyer
    44 | D        | Noticed a tyrant
    45 | D        | Noticed a tyrant
    47 | D        | Killed an accursed
    47 | D        | Noticed a destroyer
    48 | D        | Killed a destroyer
    48 | D        | Noticed a destroyer
    48 | D        | Noticed a destroyer
    49 | D        | Killed a tyrant
    49 | D        | Killed a destroyer
    49 | D        | Noticed a large bag of meat
    49 | D        | Noticed a destroyer
    50 | D        | Noticed a destroyer
    51 | D        | Killed a destroyer
    53 | D        | Killed a destroyer
    56 | D        | Killed a destroyer
    56 | D        | Killed a destroyer
    59 | D        | Killed a destroyer
    60 | D        | Noticed a destroyer
    61 | D        | Killed a large bag of meat
    62 | D        | Killed a tyrant
    63 | D        | Noticed a tyrant
    65 | D        | Noticed a meat beast
    65 | D        | Noticed a dread
    65 | D        | Noticed a dread
    66 | D        | Noticed a meat beast
    67 | D        | Noticed a meat beast
    68 | D        | Demolished by a meat berserker

Skill      XL: |  1  2  3  4  5  6  7  8  9 10 11 12 13 14 15 16 17 18 19 20 21 22 23 |
---------------+----------------------------------------------------------------------+-----
Fighting       | 19 22 23 25 27 | 27.0
Maces & Flails | 22 25 26 27 | 27.0
Dodging        | 14 17 18 19 24 25 27 | 27.0
Stealth        | 14 16 17 19 23 25 27 | 27.0
Axes           | 12 17 21 24 27 | 27.0
Throwing       | 10 14 18 21 24 27 | 27.0
Armour         | 12 17 21 24 27 | 27.0
Unarmed Combat | 11 15 20 22 25 27 | 27.0
Spellcasting   | 9 13 17 19 22 27 | 27.0
Invocations    | 9 13 17 19 22 27 | 27.0
Evocations     | 13 18 23 25 27 | 27.0

Action                   |  1- 3 |  4- 6 |  7- 9 | 10-12 | 13-15 | 16-18 | 19-21 | 22-24 | 25-27 || total
-------------------------+-------+-------+-------+-------+-------+-------+-------+-------+-------++-------
Melee: Broad axe         |     1 |       |       |       |     3 |     3 |     3 |     5 |    34 ||    49
Armor: Robe              |       |       |       |       |       |       |       |       |     2 ||     2
Dodge: Dodged            |       |       |       |       |       |       |       |     1 |     4 ||     5
